 Dungeon Crawl Stone Soup version 0.30.1-3-gfc49f6343a (webtiles) character file.

Game seed: 17382124559075647138

949 javelincjr the Trooper (level 7, -6/59 HPs)
             Began as a Demonspawn Fighter on July 20, 2023.
             Was a Believer of Cheibriados.
             Mangled by Maggie
             ... wielding a +2 heavy morningstar
              (13 damage)
             ... on level 6 of the Dungeon.
             The game lasted 00:11:57 (3741 turns).

javelincjr the Trooper (Demonspawn Fighter)         Turns: 3741, Time: 00:11:58

Health: -6/59      AC: 17    Str: 29    XL:     7   Next: 89%
Magic:  4/7        EV: 13    Int: 15    God:    Cheibriados [**....]
Gold:   216        SH:  6    Dex: 19    Spells: 6/6 levels left

rFire   . . .        B - +1 mace (protect)
rCold   . . .        c - +0 buckler
rNeg    . . .        r - +0 chain mail
rPois   +            (no helmet)
rElec   .            (no cloak)
rCorr   .            x - +0 pair of gloves
SInv    .            (no boots)
Will    .....        u - amulet of regeneration Stlth
                     i - +6 ring of strength
HPRegen 1.09/turn    t - ring of poison resistance
MPRegen 0.10/turn

%: no passive effects
@: agile, under a protective aura, very slow
A: hooves 2, thin skeletal structure 1, ignite blood 1, powered by pain 1
a: Renounce Religion, Bend Time


You were on level 6 of the Dungeon.
You worshipped Cheibriados.
Cheibriados was pleased with you.
You visited 1 branch of the dungeon, and saw 6 of its levels.

You collected 216 gold pieces.

Inventory:

Hand Weapons
 a - a +0 trident
 l - a +3 dagger
 p - a +2 dagger of venom
 B - a +1 mace of protection (weapon)
Missiles
 C - a boomerang (quivered)
Armour
 b - a +0 scale mail
 c - a +0 buckler (worn)
 r - a +0 chain mail (worn)
 x - a +0 pair of gloves (worn)
Jewellery
 i - a +6 ring of strength (left hand)
 t - a ring of poison resistance (right hand)
 u - an amulet of regeneration (around neck)
Wands
 E - a wand of iceblast (9)
Scrolls
 f - 5 scrolls of teleportation {unknown}
 j - 2 scrolls of silence {unknown}
 k - a scroll of magic mapping {unknown}
 m - 4 scrolls of identify {unknown}
 n - 2 scrolls of vulnerability {unknown}
 o - 2 scrolls of blinking {unknown}
 q - 2 scrolls of fog {unknown}
 y - a scroll of summoning {unknown}
 z - a scroll of immolation {unknown}
 A - a scroll of enchant armour {unknown}
Potions
 d - a potion of might
 e - 3 potions of mutation {unknown}
 g - 2 potions of flight {unknown}
 h - 2 potions of attraction {unknown}
 s - a potion of cancellation {unknown}
 v - a potion of lignification {unknown}
 w - a potion of resistance {unknown}
 D - a potion of berserk rage {unknown}


   Skills:
 * Level 6.4 Fighting
 + Level 4.0 Polearms
 + Level 4.5 Armour
 + Level 4.5 Shields


You had 6 spell levels left.
You didn't know any spells.
Your spell library contained the following spells:

 Spells                   Type           Power      Damage    Failure   Level
 Lesser Beckoning         Tloc           0%         N/A       89%         2
 Gell's Gravitas          Tloc           0%         N/A       98%         3
 Teleport Other           Tloc           0%         N/A       98%         3


Dungeon Overview and Level Annotations

Branches:
Dungeon (6/15)             Temple (0/1) D:4

Altars:
Cheibriados

Annotations:
D:6 Maggie, Pikel


Innate Abilities, Weirdness & Mutations

You have hoof-like feet.
You have a somewhat thin skeletal structure. (Dex +2, Stealth+)
Your demonic aura sometimes causes spilled blood to erupt in flames.
You sometimes gain a little power by taking damage.


Message History

You closely miss Maggie.
Maggie is lightly wounded.
Maggie barely misses you.
The iguana bites you but does no damage.
You thump Maggie! You kick Maggie.
Maggie is moderately wounded.
Maggie hits you but does no damage.
The iguana bites you but does no damage.
You sock Maggie! You kick Maggie!
Maggie is heavily wounded.
You block the iguana's attack.
A lemure comes into view.
Maggie gestures at you while chanting. The bolt of fire hits you!
The iguana hisses menacingly.
The iguana closely misses you.
The lemure shouts!
You hit Maggie. Your kick misses Maggie.
Maggie is heavily wounded.
Maggie gestures at you while chanting. The bolt of fire misses you.
The iguana closely misses you.
Maggie hits you with a +2 heavy morningstar!
* * * LOW HITPOINT WARNING * * *
You hit Maggie. You kick Maggie.
Maggie is severely wounded.
The iguana bites you but does no damage. x2
Maggie completely misses you.
You closely miss Maggie. You kick Maggie!
Maggie is severely wounded.
You break out of your daze.
You block the iguana's attack.
Maggie hits you with a +2 heavy morningstar.
* * * LOW HITPOINT WARNING * * *
The flow of time bends around you.
Maggie resists with some effort.
The iguana resists with some effort.
An adder comes into view.
The iguana misses you. Maggie attacks as you move away!
Maggie hits you with a +2 heavy morningstar!
You die...

....... .. #.......#
#.##.##....#####
.....#.##.....#
#......(.....#
#.....#...##.###
#.....#..##....#
#........##...##
####@@.....#..######
S..5KYl..[.......)...#
#######.####.#.#####.##
#.# ............#
#.##.....###.#.###
#.##.#.#.#...(....
#....#.#.###.#.##. ###
#.#. #...# #.#####.#


You could see Maggie, Pikel, an ice beast, a lemure, an iguana and an adder.

Vanquished Creatures
  A steam dragon (D:5)
  Menkaure (D:4)
  A centaur (D:5)
  4 scorpions
  2 jellies
  2 hounds
  2 orc priests (D:5)
  A sleepcap (D:4)
  An orc wizard (D:4)
  A gnoll (D:4)
  7 adders
  2 worms
  3 dart slugs
  9 orcs
  9 endoplasms
  3 giant cockroaches
  4 goblins (D:1)
  9 hobgoblins
  3 jackals (D:4)
  2 quokkas (D:2)
  6 ball pythons
  A bat (D:1)
  5 kobolds
  4 rats
83 creatures vanquished.

Notes
Turn   | Place    | Note
-------+----------+-------------------------------------------
     0 | D:1      | javelincjr the Demonspawn Fighter began the quest for the
                  | Orb.
     0 | D:1      | Reached XP level 1. HP: 18/18 MP: 1/1
   164 | D:1      | Gained mutation: You have large cloven feet. [demonic
                  | ancestry]
   164 | D:1      | Reached XP level 2. HP: 22/24 MP: 2/2
   634 | D:2      | Gained mutation: You have a somewhat thin skeletal
                  | structure. (Dex +2, Stealth+) [demonic ancestry]
   634 | D:2      | Reached XP level 3. HP: 29/29 MP: 3/3
  1695 | D:3      | Gained mutation: Your demonic aura sometimes causes spilled
                  | blood to erupt in flames. [demonic ancestry]
  1695 | D:3      | Reached XP level 4. HP: 37/37 MP: 4/4
  1930 | D:3      | Noticed a scorpion
  1936 | D:3      | Killed a scorpion
  1937 | D:3      | Reached skill level 4 in Fighting
  2282 | D:3      | Found a faded altar of an unknown god.
  2302 | D:3      | Prayed at the altar of an unknown god.
  2302 | D:3      | Became a worshipper of Cheibriados the Contemplative
  2302 | D:3      | Reached * piety under Cheibriados
  2337 | D:4      | Gained mutation: You have hoof-like feet. [demonic
                  | ancestry]
  2337 | D:4      | Reached XP level 5. HP: 43/43 MP: 5/5
  2644 | D:4      | Noticed Menkaure
  2656 | D:4      | Killed Menkaure
  2657 | D:4      | Reached skill level 5 in Fighting
  2657 | D:4      | Reached XP level 6. HP: 15/51 MP: 6/6
  2717 | D:4      | Reached ** piety under Cheibriados
  2916 | D:4      | Found a staircase to the Ecumenical Temple.
  2934 | D:5      | Entered Level 5 of the Dungeon
  3048 | D:5      | Gained mutation: You sometimes gain a little power by
                  | taking damage. [demonic ancestry]
  3048 | D:5      | Reached XP level 7. HP: 16/57 MP: 7/7
  3132 | D:5      | Noticed a steam dragon
  3139 | D:5      | Killed a steam dragon
  3140 | D:5      | Reached skill level 6 in Fighting
  3725 | D:6      | Noticed Maggie
  3731 | D:6      | Noticed Pikel
  3741 | D:6      | Mangled by Maggie

Illustrated notes

Levels and vault maps discovered:
D:1:      lemuel_arrival_broad_hall, layout_rooms
D:2:      layout_basic, serial_corexii_hall, corexii_hall_statues_l,
          chequers_hall_statues_corner_a, chequers_hall_statues_corner_a,
          corexii_hall_statues_l
D:3:      minmay_skewed_foursquare, layout_basic,
          shapermc_ecumenical_altar_mp_vishouse
D:4:      layout_cave_pools, minmay_temple_entry_enclosed_plants, st_stairs_5,
          minmay_misc_feat_pillars, minmay_misc_feat_nine_boxes, uniq_menkaure
D:5:      layout_basic, minivault_27, dreamdust_princess_bridge, minmay_holes
D:6:      layout_basic, st_stairs_2, uniq_pikel, uniq_maggie

Skill      XL: |  1  2  3  4  5  6  7 |
---------------+----------------------+-----
Polearms       | 2 3 4 |  4.0
Armour         | 3 4 |  4.5
Shields        | 3 4 |  4.5
Fighting       | 4 5 6 |  6.4

Action                     |  1- 3 |  4- 6 |  7- 9 || total
---------------------------+-------+-------+-------++-------
  Melee: Trident           |    59 |       |       ||    59
         Kick              |    22 |    31 |    15 ||    68
         Dagger            |    49 |   100 |     8 ||   157
         Mace              |       |       |    44 ||    44
 Invoke: Bend Time         |       |       |     1 ||     1
 Armour: Scale mail        |    21 |       |       ||    21
         Chain mail        |     2 |    54 |    51 ||   107
  Dodge: Dodged            |    34 |    51 |    32 ||   117
  Block: Buckler           |     9 |    38 |    21 ||    68
